[Event "Team 45 45 League T64"]
[Site "Internet Chess Club"]
[Date "2015.03.27"]
[Round "4"]
[White "LazyPeon"]
[Black "JasonModer"]
[Result "1-0"]
[WhiteElo "1872"]
[BlackElo "1836"]
[Opening "QGD: Chigorin defense"]
[ECO "D07"]
[Time "16:30:13"]
[TimeControl "2700+45"]

1. d4 d5 2. c4 Nc6 3. Nc3 e6 4. Nf3 Nf6 5. g3 Bb4 6. cxd5 exd5 7. Bg2 Ne4 8. Qb3
O-O 9. O-O Nxc3 10. bxc3 Be7 11. Bf4 Na5 12. Qc2 Nc4 13. Nd2 g5 14. Nxc4 gxf4
15. Ne5 Bg5 16. Qb3 c6 17. c4 dxc4 18. Qxc4 Be6 19. Qc3 f5 20. Rad1 fxg3 21.
hxg3 Rf6 22. f4 Bh6 23. Kf2 Bf8 24. e4 fxe4 25. Bxe4 Bg7 26. Qd3 h6 27. Rh1 Qa5
28. Rd2 Rd8 29. Ke3 Bd5 30. Bh7+ Kf8 31. Rh5 c5 32. Ng6+ Ke8 33. Re5+ Re6 34.
Rxe6+ Bxe6 35. Ne5 cxd4+ 36. Kf2 Bxe5 37. fxe5 Qxe5 38. Re2 Qf6+ 39. Kg1 Kd7 40.
Qb5+ Kc7 41. Qa5+ Kc8 42. Rxe6 Qg7 43. Qc5+ Kb8 44. Qe5+ Qxe5 45. Rxe5 Rd6 46.
Bd3 a6 47. Kf2 b5 48. Kf3 Kc7 49. Ke4 Kc6 50. Rh5 Rg6 51. Kxd4 Rxg3 52. Rxh6+
Kb7 53. Be4+ Ka7 54. Bd5 Rg7 55. Kc5 Rc7+ 56. Kb4 Rd7 57. Bb3 Rd4+ 58. Ka5 Rd7
59. Rxa6+ Kb7 60. Rb6+ Kc7 61. Kxb5 Rg7 62. Rc6+ Kb7 63. Bd5 Rg5 64. Kc5 Kb8 65.
a4 Rg7 66. a5 Ra7 67. a6 Re7 68. Rb6+ Kc8 69. Rh6 Kb8 70. Kb6 Kc8 71. Rh8+ Kd7
72. a7 Kd6 73. a8=Q Ke5 74. Rh5+ Kd4 75. Qa4+ Kd3 76. Rh3+ Re3 77. Qd1+ Kc3 78.
Rxe3+ Kb2 79. Qb3+ Kc1 80. Qa2 Kd1 81. Bb3+ Kc1 82. Re1# {Black checkmated} 1-0

[Event "Team 45 45 League T64"]
[Site "Internet Chess Club"]
[Date "2015.03.28"]
[Round "4"]
[White "ausya"]
[Black "OperaDude94"]
[Result "1/2-1/2"]
[WhiteElo "1739"]
[BlackElo "1816"]
[Opening "French: Rubinstein variation"]
[ECO "C03"]
[Time "20:00:30"]
[TimeControl "2700+45"]

1. e4 e6 2. d4 d5 3. Nd2 dxe4 4. Nxe4 Nd7 5. Nf3 Ngf6 6. Ng3 Bd6 7. Bd3 b6 8.
Bd2 Bb7 9. Qe2 O-O 10. O-O-O c5 11. Ne4 Nxe4 12. Bxe4 Bxe4 13. Qxe4 Nf6 14. Qd3
Qc7 15. h4 Rfd8 16. Bg5 Be7 17. Qe2 Rac8 18. g3 Nd5 19. Bxe7 Qxe7 20. Kb1 c4 21.
c3 b5 22. Qc2 b4 23. Ng5 g6 24. Ne4 f5 25. Nc5 bxc3 26. bxc3 Rd6 27. Ka1 Rb6 28.
Rb1 Rcb8 29. Rxb6 Rxb6 30. Rb1 Rxb1+ 31. Kxb1 e5 32. Qd2 exd4 33. Qxd4 Nxc3+ 34.
Kc2 Ne2 35. Qxc4+ Kg7 36. Ne6+ Kf6 37. Qxe2 Qxe6 38. Qxe6+ Kxe6 39. f3 f4 40. g4
h6 41. Kc3 Kd5 42. Kd3 a5 43. a4 g5 44. h5 Kc5 45. Kc3 Kd5 {Game drawn by mutual
agreement} 1/2-1/2

[Event "Team 45 45 League T64"]
[Site "Internet Chess Club"]
[Date "2015.03.29"]
[Round "4"]
[White "Zugzwanged"]
[Black "vjbaker"]
[Result "0-1"]
[WhiteElo "1651"]
[BlackElo "1797"]
[Opening "Sicilian: Grand Prix attack"]
[ECO "B23"]
[Time "13:02:55"]
[TimeControl "2700+45"]

1. e4 c5 2. Nc3 Nc6 3. f4 g6 4. Nf3 Bg7 5. Bb5 e6 6. Bxc6 bxc6 7. O-O Ne7 8. d3
d5 9. Qe1 O-O 10. e5 Qb6 11. b3 f6 12. Na4 Qb5 13. c4 Qb7 14. Nxc5 Qb6 15. Be3
Nf5 16. Bf2 Qc7 17. exf6 Bxf6 18. Nxe6 Bxe6 19. Qxe6+ Kh8 20. Rae1 Rae8 21. Qxe8
Rxe8 22. Rxe8+ Kg7 23. Ng5 Qd7 24. Rfe1 Ne7 25. Ne6+ Kh6 26. Ra8 dxc4 27. dxc4
Bc3 28. Rxa7 Qd6 29. Bc5 Qd2 30. Rf1 Bb4 31. Bf2 Qe2 32. Ng5 Kh5 33. h3 Kh6 34.
a3 Bd2 35. g3 Be3 36. Ra8 Nf5 37. Rh8 Kg7 38. Rxh7+ Kg8 39. Rd7 Nxg3 40. Rd8+
Kg7 41. Rd7+ Kf8 42. Rdd1 Bxf2+ 43. Kg2 Be1+ {White resigns} 0-1